 Dungeon Crawl Stone Soup version 0.21-a0-24-ga372141 (webtiles) character file.

0 Manul the Ducker (level 1, -1/11 HPs)
             Began as a Spriggan Abyssal Knight on May 25, 2017.
             Was a Follower of Lugonu.
             Killed from afar by a starcursed mass (5 damage)
             ... with an accursed screaming
             ... on level 5 of the Abyss.
             The game lasted 00:02:26 (423 turns).

Manul the Ducker (Spriggan Abyssal Knight)           Turns: 423, Time: 00:02:27

Health: -1/11      AC:  2    Str:  8    XL:     1   Next: 0%
Magic:  3/3        EV: 18    Int: 13    God:    Lugonu [*.....]
Gold:   74         SH:  0    Dex: 15    Spells: 0/0 levels left

rFire    . . .     SeeInvis +   a - +2 short sword
rCold    . . .     Gourm    .   (shield restricted)
rNeg     . . .     Faith    .   b - +0 robe
rPois    .         Spirit   .   (helmet restricted)
rElec    .         Reflect  .   (no cloak)
rCorr    .         Harm     .   (gloves unavailable)
MR       +....                  (boots unavailable)
Stlth    +.........             (no amulet)
Regen    0.1/turn               (no ring)
MPRegen  0.1/turn               (no ring)

@: very quick
A: unfitting armour, fangs 1, horns 1, see invisible, herbivore 3, speed 3,
magic resistance 1, slow metabolism 2, no potion heal 1, sturdy frame 1
a: Depart the Abyss, Renounce Religion


You were on level 5 of the Abyss.
You worshipped Lugonu.
Lugonu was aware of your devotion.
You were not hungry.

You visited 0 branches of the dungeon, and saw 0 of its levels.
You visited the Abyss 1 time.

You collected 74 gold pieces.

Inventory:

Hand Weapons
 a - a +2 short sword (weapon)
Armour
 b - a +0 robe (worn)
Scrolls
 f - a scroll of acquirement {unknown}
 g - a scroll of identify
Potions
 d - a potion of curing
 e - a potion of lignification
Comestibles
 c - 2 bread rations


   Skills:
 + Level 2.4 Fighting
 + Level 2.1 Short Blades
 + Level 3.5 Dodging
 + Level 1.7 Invocations


You couldn't memorise any spells.
You didn't know any spells.

Dungeon Overview and Level Annotations

Branches:
Dungeon (0/15)

Altars:


Innate Abilities, Weirdness & Mutations

You are very small and have problems with some larger weapons.
You are too small for most types of armour.
You have supernaturally acute eyesight. (SInv)
You are a herbivore.
You cover ground extremely quickly.
You need consume almost no food.
You have very sharp teeth.
You have a pair of small horns on your head.
You are resistant to hostile enchantments. (MR+)
Potions are less effective at restoring your health.
Your movements are slightly less encumbered by armour. (ER -2)


Message History

You plunge deeper into the Abyss.
The abyssal rune of Zot can be found at this depth.
You feel extremely strange.
You regain control of your magic.
You feel resistant to hostile enchantments.
You feel less encumbered by your armour.
A pair of horns grows on your head!
Your teeth lengthen and sharpen.
Unknown command.
You start resting.
A neqoxec emerges from chaos.
Found a gateway leading deeper into the Abyss.
There is a gateway leading deeper into the Abyss here.
There is a gateway leading deeper into the Abyss here.
You plunge deeper into the Abyss.
The abyssal rune of Zot can be found at this depth.
A starcursed mass comes into view.
f - a scroll labeled YROS NARILONT A starcursed mass splits.
The starcursed mass shrieks in your mind.
You die...

... ...#.....#..#
...X§#... #X#..###
...# ###
..#.....## .
#.#.##.#....# .
.......#.#.#
#...#....#...# #
#.###........## .#
...........# ..
..........@#.#
.#....#..#........
..##.###..##... ..
## #.# .# .. . ...
##. .#


You could see a starcursed mass.

Vanquished Creatures (others)
  2 starspawn tentacles (Abyss:3)
2 creatures vanquished.

Notes
Turn   | Place    | Note
-------+----------+-------------------------------------------
     0 | Abyss:1  | Manul the Spriggan Abyssal Knight began the quest for the Orb.
     0 | Abyss:1  | Reached XP level 1. HP: 11/11 MP: 3/3
     0 | Abyss:1  | Found a corrupted altar of Lugonu.
    31 | Abyss:1  | Noticed an earth elemental
    34 | Abyss:1  | Noticed a crimson imp
    53 | Abyss:1  | Noticed a deep elf mage
    56 | Abyss:1  | Noticed a small abomination
    58 | Abyss:1  | Noticed a cacodemon
    84 | Abyss:1  | Noticed an ancient zyme
    84 | Abyss:1  | Noticed an eidolon
    94 | Abyss:1  | Noticed a smoke demon
   100 | Abyss:2  | Noticed a crimson imp
   100 | Abyss:2  | Noticed a crimson imp
   100 | Abyss:2  | Noticed a crimson imp
   158 | Abyss:2  | Noticed a flying skull
   183 | Abyss:2  | Noticed a smoke demon
   221 | Abyss:3  | Gained mutation: Potions are less effective at restoring your health. [potion of mutation]
   221 | Abyss:3  | Gained mutation: Your spells are a little harder to cast, but a little more powerful. [potion of mutation]
   222 | Abyss:3  | Noticed a neqoxec
   234 | Abyss:3  | Noticed an ancient zyme
   258 | Abyss:3  | Noticed a small abomination
   263 | Abyss:3  | Noticed a tentacled starspawn
   269 | Abyss:3  | Noticed a rakshasa
   274 | Abyss:3  | Noticed a large abomination
   278 | Abyss:3  | Noticed an orb spider
   283 | Abyss:3  | Noticed a smoke demon
   288 | Abyss:3  | Noticed a ynoxinul
   294 | Abyss:3  | Noticed a smoke demon
   294 | Abyss:3  | Noticed a crimson imp
   300 | Abyss:3  | Noticed a small abomination
   311 | Abyss:3  | Noticed a large abomination
   317 | Abyss:3  | Noticed a small abomination
   334 | Abyss:3  | Noticed a sixfirhy
   335 | Abyss:3  | Noticed a fire dragon skeleton
   346 | Abyss:3  | Noticed a shadow
   360 | Abyss:4  | Lost mutation: Your spells are a little harder to cast, but a little more powerful. [potion of mutation]
   360 | Abyss:4  | Gained mutation: You are resistant to hostile enchantments. (MR+) [potion of mutation]
   360 | Abyss:4  | Gained mutation: Your movements are slightly less encumbered by armour. (ER -2) [potion of mutation]
   360 | Abyss:4  | Gained mutation: You have a pair of small horns on your head. [potion of mutation]
   360 | Abyss:4  | Gained mutation: You have very sharp teeth. [potion of mutation]
   367 | Abyss:4  | Noticed a neqoxec
   406 | Abyss:5  | Entered Level 5 of the Abyss
   408 | Abyss:5  | Noticed a starcursed mass
   423 | Abyss:5  | Killed from afar by a starcursed mass

Vault maps used:
Abyss:1:  gammafunk_abyss_exit_x_factor
Abyss:2:  guppyfry_abyss_exit_imp_island
Abyss:3:  hangedman_abyss_or_decor_stagger
Abyss:5:  evilmike_abyss_exit_3, due_evilmike_abyss_rune_seething_liches,
          hangedman_abyss_or_decor_stabs

Action                   || total
-------------------------++-------
  Use: Scroll            ||     6
       Potion            ||     2
Dodge: Dodged            ||     3
